 Dungeon Crawl Stone Soup version 0.24.1 (webtiles) character file.

Game seed: 8967391670235346126, levelgen mode: deterministic

712673 BuffBuff the Axe Maniac (level 27, -4/273 HPs)
             Began as a Minotaur Berserker on Mar 25, 2020.
             Was an Elder of Trog.
             Slain by a phantasmal warrior (11 damage)
             ... summoned by a greater mummy
             ... on level 3 of the Tomb of the Ancients on Mar 26, 2020.
             The game lasted 05:09:41 (75660 turns).

BuffBuff the Axe Maniac (Minotaur Berserker)       Turns: 75660, Time: 05:09:41

Health: -4/273     AC: 39    Str: 27 (29) XL:     27
Magic:  0/45       EV: 20    Int:  7      God:    Trog [****..]
Gold:   5221       SH:  0    Dex: 13 (14) Spells: 40/40 levels left

rFire    + + +     SeeInvis .   a - +10 battleaxe of Tyink {chop, Int+2}
rCold    + + +     Gourm    .   (shield currently unavailable)
rNeg     + . .     Faith    .   S - +8 plate armour "Qufferuk" {Regen+ MP+9 Stlth+}
rPois    +         Spirit   +   j - +2 hat
rElec    +         Reflect  .   F - scarf {Spirit}
rCorr    +         Harm     .   P - +4 pair of gloves "Hefripto" {Stlth+}
MR       +++++     Clarity  +   h - +0 pair of boots
Stlth    ..........             x - amulet of the Four Winds {rN+ MR+++ Clar}
HPRegen  1.95/turn              N - ring of Shadows {Umbra +Inv Stlth+}
MPRegen  0.29/turn              X - ring "Biogy" {+Fly rF++ rCorr Str-3 Int+2}

@: about to teleport, resistant, marked, slightly contaminated, regenerating,
wreathed by umbra, lightly drained, invisible
A: retaliatory headbutt, horns 2, thin skeletal structure 1, cold resistance 2,
deterioration 1, dopey 1
}: 4/15 runes: decaying, serpentine, silver, abyssal
a: Berserk, Trog's Hand, Brothers in Arms, Renounce Religion, Evoke Flight


You were on level 3 of the Tomb of the Ancients.
You worshipped Trog.
Trog was greatly pleased with you.
You were hungry.

You visited 10 branches of the dungeon, and saw 50 of its levels.
You visited the Abyss 2 times.
You visited 1 bazaar.
You also visited: Sewer.

You collected 8508 gold pieces.
You spent 3287 gold pieces at shops.

Inventory:

Hand Weapons
 a - the +10 battleaxe of Tyink (weapon) {chop, Int+2}
   (Trog gifted it to you on level 1 of the Snake Pit)

   It inflicts extra damage upon your enemies.
   It affects your intelligence (+2).
 b - a +3 scimitar of flaming
Missiles
 g - 25 curare-tipped darts (quivered)
Armour
 h - a +0 pair of boots (worn)
 j - a +2 hat (worn)
 k - a +2 cloak of poison resistance
 F - a scarf of spirit shield (worn)
 P - the +4 pair of gloves "Hefripto" (worn) {Stlth+}
   (You found it on level 2 of the Lair of Beasts)

   It makes you more stealthy.
 S - the +8 plate armour "Qufferuk" (worn) {Regen+ MP+9 Stlth+}
   (You took it off a deep elf master archer on level 3 of the Elven Halls)

   It affects your magic capacity (+9).
   It increases your rate of regeneration.
   It makes you more stealthy.
Jewellery
 s - the ring of Qaunk {rElec MR+ Int+4 Dex+3 Stlth-}
   (You found it on level 3 of the Depths)

   [ring of protection from magic]

   It affects your intelligence (+4).
   It affects your dexterity (+3).
   It insulates you from electricity.
   It affects your resistance to hostile enchantments.
   It makes you less stealthy.
 x - the amulet of the Four Winds (around neck) {rN+ MR+++ Clar}
   (You took it off a deep elf blademaster on level 3 of the Elven Halls)

   [amulet of nothing]

   It protects you from negative energy.
   It affects your resistance to hostile enchantments.
   It protects you against confusion.
 z - an uncursed ring of fire
 N - the ring of Shadows (left hand) {Umbra +Inv Stlth+}
   (You bought it in a shop on level 1 of the Elven Halls)

   [ring of stealth]

   It lets you turn invisible.
   It makes you more stealthy.
 X - the ring "Biogy" (right hand) {+Fly rF++ rCorr Str-3 Int+2}
   (You found it on level 3 of the Elven Halls)

   [ring of resist corrosion]

   It affects your strength (-3).
   It affects your intelligence (+2).
   It greatly protects you from fire.
   It lets you fly.
   It provides partial protection from all sources of acid and corrosion.
Wands
 o - a wand of disintegration (23)
 r - a wand of paralysis (50)
 y - a wand of iceblast (49)
 D - a wand of acid (39)
 H - a wand of digging (30)
 I - a wand of enslavement (31)
 J - a wand of polymorph (71)
 O - a wand of clouds (6)
Scrolls
 d - a scroll of holy word
 i - 18 scrolls of teleportation
 p - 26 scrolls of remove curse
 v - 14 scrolls of enchant weapon
 w - 3 scrolls of blinking
 A - 4 scrolls of fog
 G - 6 scrolls of magic mapping
 L - 5 scrolls of fear
 M - 19 scrolls of identify
 Q - 8 scrolls of enchant armour
 Y - 4 scrolls of brand weapon
Potions
 e - 6 potions of curing
 f - 2 potions of flight
 l - 7 potions of resistance
 m - 3 potions of haste
 n - 2 potions of agility
 q - 7 potions of ambrosia
 t - a potion of magic
 u - 7 potions of cancellation
 C - 9 potions of lignification
 K - 6 potions of brilliance
 R - a potion of invisibility
 U - a potion of might
Miscellaneous
 B - a phantom mirror
 V - a lamp of fire
Comestibles
 c - 89 rations
 E - 5 chunks of flesh


   Skills:
 O Level 27(26.5) Fighting
 O Level 27(26.5) Axes
 + Level 25.2(24.7) Armour
 + Level 23.5(23.1) Dodging
 - Level 7.1(6.8) Spellcasting
 - Level 20.0(19.5) Evocations


You had 40 spell levels left.
You didn't know any spells.
Your spell library was empty.

Dungeon Overview and Level Annotations

Branches:
Dungeon (15/15)            Temple (0/1) D:4            Lair (6/6) D:10
  Swamp (4/4) Lair:3        Snake (4/4) Lair:2        Slime (0/5) Lair:5
    Orc (2/2) D:11            Elf (3/3) Orc:2        Vaults (5/5) D:13
  Crypt (3/3) Vaults:2       Tomb (3/3) Crypt:3      Depths (5/5) D:15
    Zot (0/5) Depths:5      Sewer (visited)

Altars:
Ashenzari
Elyvilon
Fedhas
Gozag
Kikubaaqudgha
Makhleb
Okawaru
Sif Muna
Trog
Uskayaw
Yredelemnul
The Shining One
Beogh
Jiyva

Shops:
D:8 !   D:13 :   Orc:2 =%?(%   Elf:1 =   Snake:2 =}}   Vaults:5 ?=
Depths:3 !(   Depths:4 (

Portals:
Hell: Lair:6 Depths:1 Depths:2 Depths:3 Depths:4 Depths:5
Abyss: Depths:1 Depths:3 Depths:4
Pandemonium: Depths:3
Ziggurat: Depths:2
Trove: D:12 (give +5 fire dragon scales)

Annotations:
Orc:2 1 exclusion


Innate Abilities, Weirdness & Mutations

You reflexively headbutt those who attack you in melee.
You have a pair of horns on your head.
You have a somewhat thin skeletal structure. (Dex +2, Stealth)
Your flesh is very cold resistant. (rC++)
Your body sometimes deteriorates upon taking damage.
You are dopey. (Int -2)


Message History

A flying skull comes into view.
The phantasmal warrior blinks!
The phantasmal warrior hits you but does no damage.
The phantasmal warrior hits you!
* * * LOW HITPOINT WARNING * * *
The greater mummy calls on the powers of darkness!
The bennu convulses! x2; Your body is wracked with pain!
* * * LOW HITPOINT WARNING * * *
The phantasmal warrior hits you.
* * * LOW HITPOINT WARNING * * *
The flying skull moves out of view.
You feel better.
The greater mummy hits you but does no damage.
The phantasmal warrior completely misses you.
You furiously retaliate!
You headbutt the phantasmal warrior, but do no damage.
The phantasmal warrior barely misses you.
You furiously retaliate!
You headbutt the phantasmal warrior! The phantasmal warrior hits you!
You die...

##### ######## ##$$$$#
#......#
#$$$$$$###......#
##$$$$$...##......#
#$$$$}$$.W##^M3...#
$$=$$$$.VW@#MMz3{.#
:$$[$$$.ZWM#)M[Z.M#
$$|$$$$.MZbzMLM^SM'.^.
$$$$$.....W#Lb.S45#...
!$$$$......#Vnz4zZ# ..
#$)$$$......[.##MMb..M#
#$$$.=......^.##.zz4..#
#$$.......(..##Mz.zz.ยง.
#$$......Z<##..zZ......


You could see 2 greater mummies, a lich, 2 bennus, 2 jiangshi, 4 phantasmal
warriors, a guardian mummy, a rust devil, a necrophage, 4 flying skulls, a
wight, a stone giant simulacrum and a four-headed hydra zombie.

Vanquished Creatures
  3 ancient liches
  Mennas (Vaults:4)
  Mara (Vaults:2)
  A juggernaut (Depths:3)
  Boris (twice) (Vaults:4 Crypt:3)
  25 greater mummies
  Sojobo (Depths:3)
  Margery (Vaults:2)
  Xtahua (Depths:3)
  Saint Roka (Snake:2)
  Vashnia (Snake:2)
  Frederick (Depths:3)
  Bai Suzhen (Vaults:4)
  A caustic shrike (Depths:3)
  7 golden dragons
  3 profane servitors
  Jory (Vaults:4)
  Nikola (Snake:4)
  Jorgrun (Orc:1)
  5 tentacled monstrosities
  Asterion (Vaults:2)
  4 liches
  2 deep elf blademasters (Elf:3)
  3 titans
  2 quicksilver dragons
  4 acid blobs (Depths:2)
  14 tentacled starspawn
  7 ancient champions
  3 Executioners
  2 deep elf master archers (Elf:3)
  18 sphinxes
  8 tengu reavers
  2 storm dragons (Vaults:4)
  5 shadow dragons
  Kirke (Lair:6)
  A thorn hunter (Swamp:3)
  The ghost of Faoroateink the Geomancer, an adept GrEE of Vehumet (D:14)
  Roxanne (D:15)
  Donald (Orc:2)
  3 revenants
  3 azure jellies (Depths:2)
  A draconian scorcher (Depths:5)
  7 fire giants
  12 nagarajas
  12 frost giants
  5 iron dragons
  Louise (Depths:1)
  3 balrugs
  8 deep elf sorcerers
  A draconian knight (Depths:5)
  14 vault wardens
  6 ghouls
  2 angels
  14 ironheart preservers
  4 curse skulls
  9 deep elf elementalists
  A spriggan defender (Depths:3)
  2 entropy weavers
  2 war gargoyles
  5 reapers (Crypt:3)
  23 very ugly things
  A draconian annihilator (Abyss:3)
  23 stone giants
  An entropy weaver (shapeshifter) (Vaults:3)
  A green draconian (Depths:5)
  5 vampire knights
  Nessos (Lair:6)
  12 bennus
  8 deep elf demonologists
  A black draconian (Depths:5)
  2 purple draconians (Depths:5)
  2 lorocyprocas (Abyss:3)
  Azrael (Snake:2)
  8 deep elf annihilators
  27 large abominations
  A merfolk javelineer (D:14)
  A minotaur (D:14)
  A dire elephant (Lair:2)
  6 spark wasps
  A white draconian (Abyss:3)
  11 deep elf death magi
  14 mummy priests
  The ghost of dracomuter the Fighter, a journeyman TrCK of Xom (Lair:2)
  12 ettins
  14 fire dragons
  Josephine (D:12)
  Snorg (Lair:6)
  13 eidola
  2 ettins (shapeshifter)
  A crystal guardian (Vaults:2)
  10 jiangshi
  5 deep elf high priests
  4 death oozes (Depths:2)
  A quicksilver dragon zombie (Crypt:3)
  Harold (D:8)
  9 great orbs of eyes
  43 vault guards
  23 yaktaur captains
  15 ice dragons
  7 rakshasas
  16 hydras
  21 naga warriors
  A great orb of eyes (shapeshifter) (D:13)
  3 spriggan air magi
  A catoblepas (Lair:2)
  3 shambling mangroves
  14 centaur warriors
  14 anacondas
  33 dancing weapons
  5 death knights
  9 deep troll shamans
  8 alligators
  34 two-headed ogres
  55 death scarabs
  14 ogre magi
  6 tengu warriors
  10 death yaks
  A death yak (shapeshifter) (Vaults:5)
  2 titan zombies
  9 deep troll earth magi
  Urug (Orc:2)
  3 orc high priests
  2 spriggan berserkers
  6 soul eaters
  7 vampire magi
  13 shock serpents
  8 hell knights
  14 thrashing horrors
  24 deep elf knights
  11 naga sharpshooters
  13 wretched stars
  A fire crab (Lair:6)
  4 iron trolls (Depths:1)
  4 sun demons
  2 storm dragon zombies
  4 salamander mystics
  3 golden dragon zombies
  6 skeletal warriors
  3 fire crabs (shapeshifter)
  6 spatial maelstroms
  An unseen horror (shapeshifter) (Vaults:5)
  A shadow wraith (Abyss:2)
  7 unseen horrors
  4 sixfirhies
  A storm dragon skeleton (Crypt:3)
  A death drake (Abyss:5)
  6 flayed ghosts
  2 spriggan druids
  4 swamp dragons
  A ghost moth zombie (Crypt:1)
  18 deep trolls
  An anaconda skeleton (Crypt:3)
  9 sea snakes (Snake:4)
  5 wizards
  4 glowing orange brains
  15 phantasmal warriors
  9 ironbrand convokers
  A swamp dragon (shapeshifter) (Depths:3)
  8 naga ritualists
  A shadow dragon zombie (Crypt:3)
  24 deep elf archers
  6 fire giant zombies
  A sphinx zombie (Depths:2)
  A tengu zombie (Depths:2)
  4 orc sorcerers
  22 orc knights
  3 stone giant zombies
  2 orb spiders
  6 wolf spider zombies
  8 harpies
  20 necromancers
  19 salamanders
  3 mana vipers
  8 wolf spiders
  A manticore (D:11)
  5 frost giant zombies
  51 ugly things
  A cyclops (Vaults:1)
  2 shadow dragon skeletons
  An oklob plant (Lair:1)
  A salamander (shapeshifter) (Vaults:2)
  79 deep elf magi
  A fire giant skeleton (Crypt:3)
  A shock serpent zombie (Crypt:1)
  2 iron dragon skeletons
  A guardian serpent (shapeshifter) (Depths:3)
  31 black mambas
  3 centaur zombies
  8 guardian serpents
  19 naga magi
  A stone giant skeleton (Crypt:3)
  Psyche (D:8)
  9 smoke demons
  Joseph (D:8)
  2 apocalypse crabs
  19 elephants (Lair:2)
  5 gargoyles
  6 orange demons
  2 frost giant skeletons
  An emperor scorpion zombie (Crypt:1)
  19 vault sentinels
  A water nymph (shapeshifter) (Depths:4)
  18 spiny frogs
  A dire elephant skeleton (Crypt:2)
  A rime drake (shapeshifter) (Depths:5)
  A tormentor (Abyss:3)
  19 small abominations
  5 komodo dragons
  A shock serpent skeleton (Crypt:1)
  A storm dragon simulacrum (Crypt:2)
  An elf skeleton (Depths:2)
  3 kobold demonologists
  21 freezing wraiths
  50 yaktaurs
  3 rime drakes (Lair:6)
  3 efreet
  2 yaktaurs (shapeshifter)
  2 tengu conjurers
  16 hellwings
  A polar bear (shapeshifter) (Vaults:4)
  2 polar bears
  A queen bee (shapeshifter) (Vaults:3)
  4 ancient zymes
  A yellow draconian skeleton (Crypt:1)
  A white draconian skeleton (Crypt:1)
  2 jumping spiders (shapeshifter)
  A harpy zombie (Crypt:1)
  5 meliai (Abyss:3)
  29 guardian mummies
  3 red devils (Lair:6)
  2 jumping spiders (Crypt:3)
  8 tyrant leeches
  2 queen bees
  A wolf spider simulacrum (Abyss:3)
  Prince Ribbit (D:5)
  18 hornets
  2 harpy skeletons
  A fire dragon zombie (Crypt:3)
  9 trolls
  A hornet (shapeshifter) (Depths:4)
  7 hippogriffs
  Grinder (D:4)
  A frost giant simulacrum (Depths:1)
  A meliai zombie (Crypt:2)
  48 slime creatures
  A tengu simulacrum (Vaults:3)
  7 bog bodies
  20 raiju
  9 blink frogs
  An ettin zombie (Crypt:3)
  A raiju (shapeshifter) (Vaults:3)
  2 alligator zombies (Crypt:3)
  9 shadows
  32 flying skulls
  2 ice dragon skeletons
  9 spriggans
  An air elemental (Elf:1)
  11 wraiths
  39 starcursed masses
  6 redbacks
  9 water elementals
  5 wyverns
  2 fire dragon skeletons
  5 ynoxinuls
  A black mamba zombie (Tomb:1)
  A dire elephant simulacrum (Crypt:2)
  31 yaks
  7 fire elementals
  A human (shapeshifter) (D:13)
  2 basilisks
  8 ushabtiu
  6 hogs (Lair:6)
  6 neqoxecs
  A basilisk (shapeshifter) (Depths:3)
  4 chaos spawn
  A golden eye (shapeshifter) (Vaults:5)
  19 vampire mosquitoes
  A hungry ghost (D:10)
  4 swamp worm simulacra (Swamp:4)
  19 wargs
  An infernal demonspawn zombie (Crypt:2)
  3 spatial vortices
  6 insubstantial wisps (Swamp:3)
  10 swamp worms
  A swamp worm (shapeshifter) (Vaults:4)
  51 nagas
  5 acid dragons
  12 hydra simulacra (Swamp:4)
  11 water moccasins
  14 hell hounds
  3 floating eyes (Depths:3)
  67 orc warriors
  6 porcupines
  7 swamp drakes
  7 sky beasts
  6 ice beasts
  A black bear (D:7)
  2 necrophages (Crypt:1)
  2 phantoms (D:4)
  A snapping turtle zombie (Crypt:3)
  An eye of draining (D:11)
  6 wolves (Lair:2)
  An ettin simulacrum (Vaults:3)
  3 snapping turtle skeletons
  10 boggarts
  31 ogres
  A dream sheep skeleton (Crypt:2)
  9 crocodiles
  17 centaurs
  3 big kobolds
  12 bullfrogs
  A cyclops zombie (Crypt:2)
  4 wyvern skeletons (Crypt:3)
  2 scorpions
  43 killer bees
  An elf simulacrum (Vaults:3)
  A human simulacrum (Vaults:1)
  9 electric eels
  26 wights
  3 howler monkeys (D:8)
  7 crimson imps
  19 orc priests
  A quasit (Abyss:1)
  3 bullfrog zombies
  A human zombie (Crypt:1)
  4 centaur skeletons
  4 hounds
  11 jellies
  20 orc wizards
  Crazy Yiuf (D:5)
  2 bullfrog skeletons
  2 iron imps (Abyss:3)
  A basilisk skeleton (Crypt:1)
  3 iguanas
  Ijyb (D:4)
  A human skeleton (Crypt:2)
  11 worker ants
  Natasha (thrice) (D:2)
  A spriggan simulacrum (Tomb:1)
  A deep dwarf zombie (Crypt:2)
  2 hound zombies
  A howler monkey zombie (D:9)
  47 mummies
  4 gnolls
  3 worker ant zombies
  12 adders
  2 shadow imps
  11 white imps
  4 ufetubi
  4 oozes (Depths:2)
  4 swamp drake simulacra (Swamp:4)
  A lava snake zombie (Crypt:1)
  An adder skeleton (D:4)
  An adder zombie (D:8)
  2 worms
  3 dart slugs
  9 leopard geckos
  120 orcs
  3 ball pythons
  9 giant cockroaches
  12 hobgoblins
  8 jackals
  22 kobolds
  A quokka (D:9)
  A ball python skeleton (D:4)
  9 bats
  5 frilled lizards
  20 goblins
  9 rats
  5 briar patches (Swamp:3)
  A bush (Lair:1)
  A crawling corpse (Vaults:4)
  3 fungi
  10 plants
  16 starspawn tentacles
  8 withered plants (Crypt:3)
2917 creatures vanquished.

Vanquished Creatures (collateral kills)
  2 naga sharpshooters (Snake:4)
  A naga mage (Snake:4)
  A guardian mummy (Tomb:3)
  6 nagas (Snake:4)
10 creatures vanquished.

Vanquished Creatures (others)
  A ghost moth (shapeshifter) (Vaults:3)
  3 ironheart preservers (Vaults:5)
  A deep elf annihilator (Vaults:4)
  A deep elf demonologist (Vaults:4)
  A deep elf death mage (Vaults:5)
  An ettin (Vaults:5)
  A vault guard (Vaults:1)
  An ice dragon (Depths:2)
  An ogre mage (Vaults:1)
  2 death scarabs (Tomb:1)
  2 deep elf knights
  A skeletal warrior (Tomb:3)
  A phantasmal warrior (Vaults:5)
  3 deep elf magi
  A cyclops (Vaults:1)
  A komodo dragon (shapeshifter) (Vaults:3)
  A fire giant simulacrum (Depths:2)
  A flying skull (Abyss:3)
  A spriggan (Swamp:2)
  An orc warrior (D:14)
  A boggart (Depths:2)
  A killer bee (Abyss:3)
  A white imp (D:8)
  An orc (Vaults:5)
  A kobold (Abyss:1)
  2 bushes (Snake:2)
  54 fungi
  3 lurking horrors
  27 plants
  22 starspawn tentacles
  15 toadstools (Lair:1)
  A withered plant (Crypt:3)
155 creatures vanquished.

Grand Total: 3082 creatures vanquished

Notes
Turn   | Place    | Note
-------+----------+-------------------------------------------
     0 | D:1      | BuffBuff the Minotaur Berserker began the quest for the
                  | Orb.
     0 | D:1      | Reached XP level 1. HP: 19/19 MP: 0/0
   202 | D:1      | Reached XP level 2. HP: 27/27 MP: 1/1
   762 | D:1      | Reached XP level 3. HP: 33/33 MP: 2/2
   847 | D:1      | Reached ** piety under Trog
  1142 | D:2      | Noticed Natasha
  1147 | D:2      | Killed Natasha
  1308 | D:2      | Reached XP level 4. HP: 20/40 MP: 1/3
  1533 | D:2      | Reached skill level 5 in Axes
  1825 | D:2      | Noticed Natasha
  1834 | D:2      | Killed Natasha
  1834 | D:2      | Reached XP level 5. HP: 20/47 MP: 0/4
  2212 | D:2      | Found a hide-covered altar of Uskayaw.
  2445 | D:2      | Noticed Natasha
  2453 | D:2      | Killed Natasha
  3198 | D:3      | Reached *** piety under Trog
  3280 | D:3      | Found an iron altar of Okawaru.
  3436 | D:4      | Noticed an ogre
  3455 | D:4      | Killed an ogre
  3455 | D:4      | Reached skill level 5 in Fighting
  3455 | D:4      | Reached XP level 6. HP: 56/56 MP: 5/5
  3733 | D:4      | Noticed Ijyb
  3750 | D:4      | Killed Ijyb
  3831 | D:4      | Noticed Grinder
  3837 | D:4      | Killed Grinder
  3837 | D:4      | Reached XP level 7. HP: 61/61 MP: 6/6
  4029 | D:4      | Found a staircase to the Ecumenical Temple.
  4053 | D:4      | Found a bloodstained altar of Trog.
  4081 | D:4      | Reached skill level 5 in Armour
  4121 | D:4      | Got a smoking ring mail
  4131 | D:4      | Identified the +4 ring mail of Elyd {*Contam +Fly Stlth+}
                  | (You found it on level 4 of the Dungeon)
  4299 | D:5      | Entered Level 5 of the Dungeon
  4381 | D:5      | Found a glowing drain.
  4421 | D:5      | Reached XP level 8. HP: 70/70 MP: 7/7
  4454 | D:5      | Reached **** piety under Trog
  4468 | D:5      | Gained mutation: Scrolls take you a little longer to read.
                  | [mutagenic glow]
  4472 | Sewer    | Entered a sewer
  4553 | Sewer    | Reached skill level 5 in Dodging
  4576 | Sewer    | Found a white marble altar of Elyvilon.
  4913 | D:5      | Noticed Prince Ribbit
  5078 | D:5      | Found a runed translucent door.
  5079 | D:5      | Noticed Crazy Yiuf
  5088 | D:5      | Killed Crazy Yiuf
  5391 | D:5      | Killed Prince Ribbit
  6322 | D:6      | Reached XP level 9. HP: 56/79 MP: 5/8
  6703 | D:7      | Reached skill level 10 in Axes
  6924 | D:7      | Found a shattered altar of Ashenzari.
  7141 | D:7      | Reached ***** piety under Trog
  8046 | D:8      | Noticed Harold
  8062 | D:8      | Killed Harold
  8062 | D:8      | Reached XP level 10. HP: 90/90 MP: 9/9
  8234 | D:8      | Noticed Joseph
  8251 | D:8      | Killed Joseph
  8290 | D:8      | Found a white marble altar of Elyvilon.
  8315 | D:8      | Found a basalt altar of Yredelemnul.
  8317 | D:8      | Found an opulent altar of Gozag.
  8410 | D:8      | Found a burning altar of Makhleb.
  8465 | D:8      | Noticed Psyche
  8473 | D:8      | Killed Psyche
  9125 | D:8      | Found Rewes's Distillery.
  9757 | D:9      | Received a gift from Trog
 10198 | D:10     | Entered Level 10 of the Dungeon
 10198 | D:10     | Noticed a death yak
 10202 | D:10     | Noticed a death yak
 10203 | D:10     | Noticed a death yak
 10210 | D:9      | Killed a death yak
 10365 | D:9      | Killed a death yak
 10521 | D:9      | Killed a death yak
 10521 | D:9      | Reached XP level 11. HP: 38/99 MP: 0/10
 10759 | D:10     | Reached skill level 10 in Fighting
 10773 | D:10     | Found a staircase to the Lair.
 11043 | D:10     | Noticed a green ugly thing
 11056 | D:10     | Killed a green ugly thing
 11381 | D:10     | Reached skill level 10 in Armour
 11399 | D:10     | HP: 4/101 [poisoned by a killer bee]
 12110 | D:10     | Killed an unseen horror
 12343 | D:11     | Noticed a two-headed ogre
 12350 | D:11     | Killed a two-headed ogre
 12479 | D:11     | Received a gift from Trog
 12979 | D:11     | Found a roughly hewn altar of Beogh.
 13004 | D:11     | Noticed an orc knight
 13020 | D:11     | Killed an orc knight
 13135 | D:11     | Found a staircase to the Orcish Mines.
 13567 | D:11     | Noticed a six-headed hydra
 13573 | D:11     | Killed a six-headed hydra
 13573 | D:11     | Reached XP level 12. HP: 110/110 MP: 3/11
 13721 | D:11     | Reached skill level 10 in Dodging
 13764 | D:12     | Noticed a two-headed ogre
 13764 | D:12     | Noticed a two-headed ogre
 13775 | D:12     | Killed a two-headed ogre
 13776 | D:12     | Killed a two-headed ogre
 13853 | D:12     | Reached skill level 15 in Axes
 14187 | D:12     | Noticed Josephine
 14210 | D:12     | Killed Josephine
 14626 | D:12     | Noticed a vault guard
 14632 | D:12     | Killed a vault guard
 14665 | D:12     | Found a portal to a secret trove of treasure.
 14855 | D:13     | Noticed a five-headed hydra
 14866 | D:13     | Killed a five-headed hydra
 14877 | D:13     | Received a gift from Trog
 15122 | D:13     | Noticed a two-headed ogre
 15122 | D:13     | Noticed a two-headed ogre
 15134 | D:13     | Noticed a great orb of eyes
 15139 | D:13     | Killed a great orb of eyes
 15141 | D:13     | Killed a two-headed ogre
 15147 | D:13     | Killed a two-headed ogre
 15370 | D:13     | Reached XP level 13. HP: 63/118 MP: 2/12
 15754 | D:13     | Found a gate to the Vaults.
 16009 | D:13     | Found Caumea's Book Boutique.
 16328 | D:13     | Found a roughly hewn altar of Beogh.
 16488 | D:14     | Found a flickering gateway to a bazaar.
 16504 | Bazaar   | Entered a bazaar
 16504 | Bazaar   | Found Poeth's Antique Weapon Shop.
 16504 | Bazaar   | Found Udihigin's Antique Armour Shoppe.
 16506 | Bazaar   | Found Wageggej's Gadget Boutique.
 16506 | Bazaar   | Found Baegyshrar's Distillery.
 16569 | Bazaar   | Bought a potion of heal wounds for 55 gold pieces
 16569 | Bazaar   | Bought a potion of heal wounds for 55 gold pieces
 16569 | Bazaar   | Bought 2 potions of heal wounds for 110 gold pieces
 16642 | D:14     | Received a gift from Trog
 17185 | D:14     | Found a runed translucent gate.
 17187 | D:14     | Found a runed translucent gate.
 17187 | D:14     | Noticed Faoroateink's ghost (adept GrEE)
 17187 | D:14     | Noticed a minotaur
 17187 | D:14     | Noticed a merfolk javelineer
 17188 | D:14     | Found a runed translucent gate.
 17189 | D:14     | Found an iron altar of Okawaru.
 17393 | D:15     | Entered Level 15 of the Dungeon
 17436 | D:15     | Noticed Roxanne
 17675 | D:15     | Reached XP level 14. HP: 129/129 MP: 3/13
 17907 | D:15     | Found a staircase to the Depths.
 17908 | D:15     | Noticed a fire giant
 17924 | D:15     | Killed a fire giant
 18507 | Lair:1   | Entered Level 1 of the Lair of Beasts
 18909 | Lair:1   | Found a blossoming altar of Fedhas.
 19453 | Lair:2   | Found a staircase to the Snake Pit.
 19906 | Lair:2   | Found a runed translucent door.
 20447 | Lair:2   | Noticed dracomuter's ghost (journeyman TrCK)
 20459 | Lair:2   | Killed dracomuter's ghost
 20467 | Lair:2   | Got a pair of bloodstained gloves
 20477 | Lair:2   | Identified the +4 pair of gloves "Hefripto" {Stlth+} (You
                  | found it on level 2 of the Lair of Beasts)
 20704 | Lair:3   | Found a staircase to the Swamp.
 21523 | Lair:4   | You fall into a shaft and drop 2 floors!
 21523 | Lair:6   | Entered Level 6 of the Lair of Beasts
 22142 | Lair:4   | Received a gift from Trog
 22280 | Lair:5   | Reached XP level 15. HP: 118/139 MP: 4/14
 22704 | Lair:5   | Found a viscous altar of Jiyva.
 22704 | Lair:5   | Found a staircase to the Slime Pits.
 23906 | Lair:6   | Noticed Nessos
 23924 | Lair:6   | Killed Nessos
 24234 | Lair:6   | Found a burning altar of Makhleb.
 24358 | Lair:6   | Noticed Kirke
 24389 | Lair:6   | Killed Kirke
 24389 | Lair:6   | Received a gift from Trog
 24729 | Lair:6   | Got a jewelled glaive {god gift}
 24729 | Lair:6   | Identified the +2 glaive of Linearity {antimagic, *Contam
                  | rPois rN++ Dex+4} (Trog gifted it to you on level 6 of the
                  | Lair of Beasts)
 24734 | Lair:6   | Gained mutation: You are weak. (Str -2) [mutagenic glow]
 25015 | Lair:6   | Noticed Snorg
 25031 | Lair:6   | Killed Snorg
 25031 | Lair:6   | Reached skill level 15 in Fighting
 25313 | Lair:6   | Found a shimmering blue altar of Sif Muna.
 25746 | Lair:6   | Found a gateway to Hell.
 25978 | Orc:1    | Entered Level 1 of the Orcish Mines
 25978 | Orc:1    | Noticed Jorgrun
 26030 | Orc:1    | Killed Jorgrun
 26498 | Orc:1    | Found Apegru's Antique Weapon Boutique.
 26552 | Orc:1    | Found a roughly hewn altar of Beogh.
 26688 | Orc:2    | Entered Level 2 of the Orcish Mines
 26688 | Orc:2    | Found a staircase to the Elven Halls.
 26998 | Orc:1    | Reached skill level 15 in Armour
 27404 | Orc:2    | Received a gift from Trog
 27431 | Orc:2    | Found Xebeos's Jewellery Boutique.
 27431 | Orc:2    | Found Pemad's Food Emporium.
 27855 | Orc:2    | Found a roughly hewn altar of Beogh.
 28481 | Orc:2    | Found Duxkon's Weapon Boutique.
 28481 | Orc:2    | Found Meaciuvo's Food Emporium.
 28571 | Orc:2    | Noticed Urug
 28586 | Orc:2    | Killed Urug
 28638 | Orc:2    | Noticed Donald
 28647 | Orc:2    | Killed Donald
 28647 | Orc:2    | Reached XP level 16. HP: 149/149 MP: 10/15
 28691 | Orc:2    | Found Cibel's Magic Scroll Boutique.
 28699 | Orc:2    | Bought a scroll of blinking for 97 gold pieces
 28699 | Orc:2    | Bought a scroll of teleportation for 39 gold pieces
 28870 | Orc:2    | Found a shimmering blue altar of Sif Muna.
 29001 | D:9      | Lost mutation: Scrolls take you a little longer to read.
                  | [potion of mutation]
 29001 | D:9      | Lost mutation: You are weak. (Str -2) [potion of mutation]
 29001 | D:9      | Gained mutation: Your flesh is cold resistant. (rC+)
                  | [potion of mutation]
 29001 | D:9      | Gained mutation: You have a somewhat thin skeletal
                  | structure. (Dex +2, Stealth) [potion of mutation]
 29001 | D:9      | Gained mutation: You are dopey. (Int -2) [potion of
                  | mutation]
 29001 | D:9      | Gained mutation: Your flesh is very cold resistant. (rC++)
                  | [potion of mutation]
 29073 | Snake:1  | Entered Level 1 of the Snake Pit
 29608 | Snake:1  | Received a gift from Trog
 29624 | Snake:1  | Got a bloodstained battleaxe {god gift}
 29624 | Snake:1  | Identified the +10 battleaxe of Tyink {chop, Int+2} (Trog
                  | gifted it to you on level 1 of the Snake Pit)
 29959 | Snake:1  | Reached ****** piety under Trog
 31007 | Snake:2  | Noticed Azrael
 31020 | Snake:2  | Killed Azrael
 31141 | Snake:2  | Noticed Vashnia
 31207 | Snake:2  | Killed Vashnia
 31722 | Snake:2  | Found Eriuq's Jewellery Emporium.
 31722 | Snake:2  | Found Zosist's Gadget Boutique.
 31723 | Snake:2  | Found Builob's Gadget Boutique.
 31735 | Snake:2  | Bought the ring "Ifeneth" {rC+ Str+3 Stlth+} for 357 gold
                  | pieces
 31735 | Snake:2  | Bought an uncursed amulet of regeneration for 330 gold
                  | pieces
 31766 | Snake:2  | You fall into a shaft and drop 1 floor!
 31812 | Snake:2  | Noticed Saint Roka
 31824 | Snake:2  | Received a gift from Trog
 31835 | Snake:2  | Killed Saint Roka
 32374 | Snake:2  | Reached skill level 15 in Dodging
 32442 | Snake:2  | Reached XP level 17. HP: 137/159 MP: 16/16
 32992 | Snake:3  | Found a glowing golden altar of the Shining One.
 33006 | Snake:3  | Received a gift from Trog
 33252 | Snake:4  | Entered Level 4 of the Snake Pit
 33867 | Snake:4  | Received a gift from Trog
 34350 | Snake:4  | Reached XP level 18. HP: 127/170 MP: 17/17
 34360 | Snake:4  | Received a gift from Trog
 34564 | Snake:4  | Got a serpentine rune of Zot
 34919 | Snake:4  | Noticed Nikola
 34933 | Snake:4  | Killed Nikola
 35318 | Swamp:1  | Entered Level 1 of the Swamp
 35332 | Swamp:1  | Reached skill level 1 in Evocations
 37111 | Swamp:3  | Received a gift from Trog
 37335 | Swamp:3  | Reached skill level 5 in Evocations
 37661 | Swamp:4  | Entered Level 4 of the Swamp
 38477 | Swamp:4  | Got a decaying rune of Zot
 38786 | Elf:1    | Entered Level 1 of the Elven Halls
 38791 | Elf:1    | Received a gift from Trog
 39002 | Elf:1    | Reached XP level 19. HP: 108/180 MP: 23/23
 39701 | Elf:1    | Received a gift from Trog
 39932 | Elf:1    | Found Padob's Jewellery Shoppe.
 39940 | Elf:1    | Bought the ring of Shadows {Umbra +Inv Stlth+} for 600 gold
                  | pieces
 39940 | Elf:1    | Found the ring of Shadows {Umbra +Inv Stlth+}
 40499 | Elf:2    | Found a huge runed translucent gate.
 40499 | Elf:2    | Found a huge runed translucent gate.
 40499 | Elf:2    | Found a huge runed translucent gate.
 40499 | Elf:2    | Found a huge runed translucent gate.
 40499 | Elf:2    | Found a huge runed translucent gate.
 40784 | Elf:2    | Received a gift from Trog
 41838 | Elf:3    | Entered Level 3 of the Elven Halls
 42432 | Elf:3    | Reached skill level 10 in Evocations
 42455 | Elf:3    | Noticed a Tzitzimitl
 42846 | Elf:3    | Identified the +7 hand axe of the Big Fish {chop, *Rage rC+
                  | Dex+4}
 43006 | Elf:3    | Identified a scroll of acquirement
 43022 | Elf:3    | Identified the +1 chain mail "Zucweosh" {MR- Int+7}
 43031 | Elf:3    | Received a gift from Trog
 43037 | Elf:3    | Identified the +5 lajatang of the Moon {protect, rC+ rN+
                  | Stlth+}
 43164 | Elf:3    | Identified the +8 plate armour "Qufferuk" {Regen+ MP+9
                  | Stlth+}
 43165 | Elf:3    | Identified the +7 long sword of Ejacuuk {protect, rF+ MR-
                  | Int+4}
 43374 | Elf:3    | Found the +8 storm bow {elec, penet}
 43422 | Elf:3    | Identified the Catalogue of Toxic Aid
 43425 | Elf:3    | Identified Elel Ewulama's Guide on Toxins and Ignition
 43458 | Elf:3    | Got a scorched lapis lazuli ring
 43460 | Elf:3    | Got a smoking lead ring
 43466 | Elf:3    | Identified the ring of the Will of the Gods {Wiz MP+9} (You
                  | found it on level 3 of the Elven Halls)
 43467 | Elf:3    | Identified the ring "Biogy" {+Fly rF++ rCorr Str-3 Int+2}
                  | (You found it on level 3 of the Elven Halls)
 43489 | Elf:3    | Reached XP level 20. HP: 185/193 MP: 26/26
 44091 | Vaults:1 | Entered Level 1 of the Vaults
 44474 | Vaults:1 | Received a gift from Trog
 45227 | Vaults:1 | Received a gift from Trog
 45567 | Vaults:2 | Noticed Mara
 45584 | Vaults:2 | Noticed BuffBuff's illusion
 45740 | Vaults:2 | Noticed BuffBuff's illusion
 45753 | Vaults:2 | Killed Mara
 46393 | Vaults:2 | Noticed Margery
 46408 | Vaults:2 | Received a gift from Trog
 46411 | Vaults:2 | Killed Margery
 46513 | Vaults:2 | Reached XP level 21. HP: 186/202 MP: 29/29
 46781 | Vaults:2 | Noticed Asterion
 46799 | Vaults:2 | Killed Asterion
 47268 | Vaults:2 | Found a staircase to the Crypt.
 47937 | Vaults:3 | Received a gift from Trog
 48300 | Vaults:3 | Received a gift from Trog
 49423 | Vaults:4 | Noticed Jory
 49435 | Vaults:4 | Killed Jory
 49459 | Vaults:4 | Noticed Mennas
 49459 | Vaults:4 | Noticed Boris
 49501 | Vaults:4 | Killed Mennas
 49878 | Vaults:4 | Received a gift from Trog
 49878 | Vaults:4 | Reached XP level 22. HP: 213/213 MP: 32/32
 49927 | Vaults:4 | Reached skill level 15 in Evocations
 49951 | Vaults:4 | Got a dazzling buckler
 50195 | Vaults:4 | Killed Boris
 50611 | Vaults:4 | Noticed Bai Suzhen
 50650 | Vaults:4 | Killed Bai Suzhen
 51216 | Vaults:4 | Received a gift from Trog
 51320 | Vaults:5 | Entered Level 5 of the Vaults
 51698 | Vaults:5 | Identified the cursed +2 lajatang of the Philosopher
                  | {slice, *Corrode rC+ Int+4 Dex+6}
 52243 | Vaults:5 | Received a gift from Trog
 52250 | Vaults:5 | Identified the +4 scale mail of the Will of the Gods {+Fly
                  | rElec rPois SInv}
 52589 | Vaults:4 | Reached XP level 23. HP: 119/224 MP: 34/34
 53418 | Vaults:5 | Received a gift from Trog
 53745 | Vaults:5 | Found the amulet of Vitality {Regen+ HP+15}
 53759 | Vaults:5 | Got a silver rune of Zot
 53810 | Vaults:5 | Got a translucent bronze amulet
 53812 | Vaults:5 | Identified the amulet "Fimythiy" {Harm *Drain Dex+2} (You
                  | found it on level 5 of the Vaults)
 54140 | Vaults:5 | Found Zamuiluo's Magic Scroll Emporium.
 54153 | Vaults:5 | Bought a scroll of identify for 36 gold pieces
 54153 | Vaults:5 | Bought a scroll of identify for 36 gold pieces
 54153 | Vaults:5 | Bought a scroll of acquirement for 936 gold pieces
 54153 | Vaults:5 | Bought a scroll of identify for 36 gold pieces
 54154 | Vaults:5 | Got a pair of distressingly furry gloves
 54165 | Vaults:5 | Identified the -2 pair of gloves of the Wheelwright {Str+2}
                  | (You acquired it on level 5 of the Vaults)
 54322 | Vaults:5 | Found Pasy's Jewellery Shop.
 54857 | Crypt:1  | Entered Level 1 of the Crypt
 56136 | Crypt:2  | Received a gift from Trog
 56444 | Crypt:2  | Reached skill level 27 in Axes
 57182 | Crypt:3  | Entered Level 3 of the Crypt
 57533 | Crypt:3  | Found the +9 sword of Zonguldrok {reap}
 57940 | Crypt:3  | Noticed Boris
 57953 | Crypt:3  | Killed Boris
 57958 | Crypt:3  | Received a gift from Trog
 57983 | Crypt:3  | Got a steaming battleaxe {god gift}
 58009 | Crypt:3  | Identified the +4 battleaxe "Vioty" {chop, rElec rF- rC+
                  | SInv} (Trog gifted it to you on level 3 of the Crypt)
 58323 | Crypt:3  | Found a staircase to the Tomb.
 58419 | Crypt:3  | Reached XP level 24. HP: 236/236 MP: 35/35
 58441 | Crypt:3  | Found an ancient bone altar of Kikubaaqudgha.
 58602 | Crypt:3  | Received a gift from Trog
 58628 | Crypt:3  | Noticed an ancient lich
 58629 | Crypt:3  | Noticed an ancient lich
 58640 | Crypt:3  | Killed an ancient lich
 58640 | Crypt:3  | Killed an ancient lich
 59920 | D:14     | Killed Faoroateink's ghost
 60115 | D:15     | Killed Roxanne
 60141 | Depths:1 | Entered Level 1 of the Depths
 60980 | Depths:1 | Received a gift from Trog
 61019 | Depths:1 | Found a one-way gate to the infinite horrors of the Abyss.
 61019 | Depths:1 | Noticed Louise
 61054 | Depths:1 | Killed Louise
 61909 | Depths:2 | Received a gift from Trog
 62237 | Depths:2 | Received a gift from Trog
 62837 | Depths:2 | Found a gateway to a ziggurat.
 62845 | Depths:2 | Reached XP level 25. HP: 233/247 MP: 36/36
 63238 | Depths:2 | Received a gift from Trog
 63265 | Depths:2 | Got a brightly glowing battleaxe {god gift}
 63265 | Depths:2 | Identified the +6 battleaxe of Trog's Righteous Anger
                  | {chop, rF+} (Trog gifted it to you on level 2 of the
                  | Depths)
 63435 | Depths:3 | Got a smoking lapis lazuli ring
 63437 | Depths:3 | Identified the ring of Internal Strife {*Tele Int+2 Dex+3
                  | Stlth+} (You found it on level 3 of the Depths)
 63467 | Depths:3 | Noticed a juggernaut
 63482 | Depths:3 | Killed a juggernaut
 63581 | Depths:3 | Paralysed by a floating eye for 2 turns
 63776 | Depths:3 | Found a one-way gate leading to the halls of Pandemonium.
 63786 | Depths:3 | Noticed Frederick
 63798 | Depths:3 | Killed Frederick
 63998 | Depths:3 | Received a gift from Trog
 64213 | Depths:3 | Got a wavering tin ring
 64215 | Depths:3 | Identified the ring "Atwaos" {Fire rPois Str+8 Int-4
                  | Stlth+} (You found it on level 3 of the Depths)
 64294 | Depths:3 | Noticed Sojobo
 64317 | Depths:3 | Received a gift from Trog
 64329 | Depths:3 | Killed Sojobo
 64464 | Depths:3 | Got a steaming steel ring
 64466 | Depths:3 | Identified the ring of Qaunk {rElec MR+ Int+4 Dex+3 Stlth-}
                  | (You found it on level 3 of the Depths)
 64578 | Depths:3 | Found Xuneuf's Distillery.
 64592 | Depths:3 | Bought 2 potions of haste for 400 gold pieces
 64592 | Depths:3 | Bought a potion of haste for 200 gold pieces
 64763 | Depths:3 | Noticed Xtahua
 64781 | Depths:3 | Killed Xtahua
 64844 | Depths:3 | Found Hyev's Antique Weapon Shoppe.
 65265 | Depths:4 | Found Xipu Yph's Antique Weapon Emporium.
 65419 | Depths:4 | You fall into a shaft and drop 1 floor!
 65419 | Depths:5 | Entered Level 5 of the Depths
 65616 | Depths:4 | Reached XP level 26. HP: 209/260 MP: 36/36
 65822 | Depths:4 | Received a gift from Trog
 66788 | Depths:5 | Received a gift from Trog
 67402 | Depths:5 | Found a gate to the Realm of Zot.
 67856 | Depths:4 | Voluntarily entered the Abyss.
 68493 | Abyss:1  | Received a gift from Trog
 68497 | Abyss:1  | Got an encrusted war axe {god gift}
 68503 | Abyss:1  | Reached skill level 1 in Spellcasting
 68504 | Abyss:1  | Identified the +3 war axe "Vyamoiw" {venom, Int+2 Dex+3
                  | Stlth-} (Trog gifted it to you on level 1 of the Abyss)
 68680 | Abyss:2  | Found an opulent altar of Gozag.
 68684 | Abyss:2  | Found a corrupted altar of Lugonu.
 69286 | Abyss:3  | Paralysed by accursed screaming for 2 turns
 69297 | Abyss:3  | Paralysed by accursed screaming for 1 turns
 69462 | Abyss:3  | Reached XP level 27. HP: 147/271 MP: 31/36
 69680 | Abyss:3  | Reached skill level 5 in Spellcasting
 69717 | Abyss:3  | Got an abyssal rune of Zot
 69744 | Abyss:3  | Reached skill level 27 in Fighting
 69997 | Abyss:3  | Found a corrupted altar of Lugonu.
 70126 | Depths:4 | Escaped the Abyss
 70459 | Tomb:1   | Entered Level 1 of the Tomb of the Ancients
 71037 | Tomb:1   | Fell from the grace of Trog
 71483 | D:4      | Became a worshipper of Trog the Wrathful
 71988 | Tomb:1   | Noticed a greater mummy
 72003 | Tomb:1   | Killed a greater mummy
 72045 | Tomb:1   | Reached * piety under Trog
 72294 | Tomb:2   | Noticed an ancient lich
 72298 | Tomb:2   | Noticed a greater mummy
 72301 | Tomb:2   | Noticed a greater mummy
 72301 | Tomb:2   | Noticed a greater mummy
 72316 | Tomb:2   | Killed a greater mummy
 72316 | Tomb:2   | Killed an ancient lich
 72321 | Tomb:2   | Killed a greater mummy
 72326 | Tomb:2   | Killed a greater mummy
 72718 | Tomb:2   | Paralysed by the power of Zot for 2 turns
 72869 | Tomb:1   | Noticed a greater mummy
 72885 | Tomb:1   | Killed a greater mummy
 72889 | Tomb:1   | Noticed a greater mummy
 72907 | Tomb:1   | Noticed a greater mummy
 72909 | Tomb:1   | Killed a greater mummy
 72915 | Tomb:1   | Noticed a greater mummy
 72917 | Tomb:1   | Killed a greater mummy
 72930 | Tomb:1   | Killed a greater mummy
 72944 | Tomb:1   | Noticed a greater mummy
 72948 | Tomb:1   | Noticed a greater mummy
 72954 | Tomb:1   | Killed a greater mummy
 72955 | Tomb:1   | Noticed a greater mummy
 72967 | Tomb:1   | Killed a greater mummy
 72974 | Tomb:1   | HP: 12/273 [storm dragon simulacrum[a greater mummy] (11)]
 72976 | Tomb:1   | Killed a greater mummy
 72992 | Tomb:1   | Noticed a greater mummy
 72996 | Tomb:1   | Noticed a greater mummy
 73002 | Tomb:1   | Killed a greater mummy
 73003 | Tomb:1   | Noticed a greater mummy
 73003 | Tomb:1   | Noticed a greater mummy
 73297 | Tomb:1   | Killed a greater mummy
 73334 | Tomb:1   | Killed a greater mummy
 73336 | Tomb:1   | Noticed a greater mummy
 73644 | Tomb:1   | Killed a greater mummy
 73821 | Tomb:1   | Noticed a greater mummy
 73825 | Tomb:1   | Noticed a greater mummy
 73834 | Tomb:1   | Killed a greater mummy
 73842 | Tomb:1   | Killed a greater mummy
 73886 | Tomb:1   | Noticed a greater mummy
 73896 | Tomb:1   | Killed a greater mummy
 74164 | Tomb:1   | Killed a greater mummy
 74282 | Tomb:1   | Noticed a greater mummy
 74289 | Tomb:1   | Noticed a greater mummy
 74291 | Tomb:1   | Noticed a greater mummy
 74303 | Tomb:1   | Killed a greater mummy
 74304 | Tomb:1   | Killed a greater mummy
 74310 | Tomb:1   | Killed a greater mummy
 74328 | Tomb:1   | Noticed a greater mummy
 74338 | Tomb:1   | Noticed a greater mummy
 74340 | Tomb:1   | Killed a greater mummy
 74658 | Tomb:1   | Killed a greater mummy
 74700 | Tomb:1   | Noticed a greater mummy
 74717 | Tomb:1   | Killed a greater mummy
 75255 | Tomb:3   | Entered Level 3 of the Tomb of the Ancients
 75286 | Tomb:3   | Identified the +1 hunting sling of Famine {flame, Str+6
                  | Dex+4}
 75291 | Tomb:3   | Noticed a greater mummy
 75298 | Tomb:3   | Noticed a greater mummy
 75298 | Tomb:3   | Paralysed by the power of Zot for 4 turns
 75299 | Tomb:3   | Cast into level 5 of the Abyss (the power of Zot)
 75299 | Abyss:5  | Entered Level 5 of the Abyss
 75507 | Abyss:5  | Gained mutation: Your body sometimes deteriorates upon
                  | taking damage. [a neqoxec]
 75633 | Tomb:3   | Escaped the Abyss
 75639 | Tomb:3   | Noticed a greater mummy
 75643 | Tomb:3   | Noticed a greater mummy
 75659 | Tomb:3   | HP: 13/265 [phantasmal warrior[a greater mummy] (5)]
 75659 | Tomb:3   | HP: 5/265 [phantasmal warrior[a greater mummy] (5)]
 75660 | Tomb:3   | Slain by a phantasmal warrior

Levels and vault maps discovered:
D:1:      elethiomel_arrival_shortcut, layout_basic
D:2:      layout_basic, eat_drink_and_be_merry_uskayaw, uniq_natasha
D:3:      layout_basic, okawaru_metal_pillars_1_2
D:4:      kennysheep_the_goblin_king, layout_gridville, lemuel_doored_altar,
          temple_green, first_ration, uniq_grinder
D:5:      layout_basic, nicolae_overflow_hidden_temple, gup_sewer_entry_glass,
          uniq_prince_ribbit1, uniq_crazy_yiuf_cottage
D:6:      layout_loops_cross
D:7:      layout_loops_ring, evilmike_ruin_ashenzari, grunt_ogre_cave
D:8:      layout_loops_ring, kennysheep_little_box,
          chequers_temple_overflow_statue_of_worship, elyvilon_altar_5,
          serial_shops, shop, serial_ice, serial_ice_f, serial_ice_a,
          serial_ice_k, serial_ice_m, minmay_misc_feat_rugged,
          hangedman_decor_peaks_small, grunt_potential, uniq_harold,
          uniq_psyche, uniq_joseph
D:9:      layout_loops_ring, nicolae_sextant, kennysheep_boxes
D:10:     layout_basic, dpeg_lair_monsters, serial_glass, glass_columns_b,
          glass_columns_b, special_room [special_room_bee]
D:11:     layout_loops_ring, david_orc_5, minmay_misc_feat_enclosed
D:12:     layout_long_grid, enter_trove_5, uniq_josephine
D:13:     layout_loops_corners, david_vaults_2, enter_bailey_3, special_room
          [special_room_orc], serial_shops, nicolae_shop_crystal
D:14:     layout_loops_cross, gammafunk_ghost_fury_of_okawaru, serial_shops,
          bzr_entry_water, chequers_serial_rivers_room_a, grunt_decor_cap
D:15:     grunt_enter_depths_giant_problem, layout_irregular_city, uniq_roxanne
Lair:1:   layout_chaotic_city, tgw_fedhas
Lair:2:   mu_elephants_graveyard, layout_chaotic_city,
          guppyfry_snake_entry_garden, ebering_ghost_reflecting_pool,
          chequers_serial_rivers_micro_a, serial_bayou_lagoon_a
Lair:3:   layout_gridlike, swamp_mist
Lair:4:   layout_cave_pods, grunt_megastairs_3
Lair:5:   layout_cave_pods, dpeg_slime_entry_enclosed_altar,
          beast_lair_carwin_4, serial_bayou_shore_b, lemuel_fruit_tree
Lair:6:   evil_forest, layout_layer_cave, basic_altar, lookout_lair_type,
          serial_bayou_shore_a, uniq_nessos, uniq_snorg, uniq_kirke
Swamp:1:  layout_falls_marsh, evilmike_swamp_ruin_rubble_1
Swamp:2:  layout_basic_swamp, evilmike_swamp_ruin_house_1, swamp_pool1
Swamp:3:  layout_falls_marsh, evilmike_swamp_ruin_house_3
Swamp:4:  swamp_icy, layout_basic_swamp
Snake:1:  layout_onion, grunt_ministairs_4, nrook_loot_triangle, drop_trap,
          serial_bayou_shore_b
Snake:2:  layout_layer_cave, minmay_shop_grove, grunt_megastairs_1,
          serial_bayou_shore_b, uniq_vashnia, uniq_saint_roka, uniq_azrael
Snake:3:  layout_rooms, basic_altar, st_stairs_6, serial_bayou_shore_b
Snake:4:  grunt_snake_rune_pools, layout_cave_town, st_stairs_6, drop_trap,
          grunt_ministairs_14, uniq_nikola
Orc:1:    layout_caves, serial_shops, nicolae_shop_statue_plus, mines1_david,
          uniq_jorgrun
Orc:2:    st_orc_town, layout_caves, serial_shops, shop, led_sif_book,
          uniq_urug, uniq_donald
Elf:1:    elf_arrival_001, layout_gridlike, serial_shops,
          nicolae_shop_window_shopping, minivault_28
Elf:2:    layout_gridlike, feat_on_display
Elf:3:    grunt_elf_hall_branching, layout_geoelf_castle
Vaults:1: ontoclasm_vaults_ring_large, v_pattern_5, vaults_room_fancy_cross,
          vaults_room_stairs_pillars, vaults_dpeg_ring, grunt_vaults_swirl,
          v_rooms_2, v_misc_26, nicolae_vaults_mini_display_case,
          nicolae_vaults_shelves_hall, v_misc_26, vaults_room_large_hall,
          layout_vaults_ring
Vaults:2: vaults_mumra_hexcomb, minmay_crypt_entry_simple_walls,
          vaults_room_corners, v_misc_31, vaults_room_fours,
          layout_vaults_omnigrid, uniq_asterion, uniq_margery, uniq_mara
Vaults:3: grunt_vaults_funnel, v_misc_15, grunt_vaults_bifocal,
          nicolae_vaults_shelves_hall, dpeg_vaults_pockets_of_resistance,
          nicolae_vaults_angled_halls, nicolae_vaults_network_quinsquares
          [nicolae_vaults_network_quincunx_subvault,
          nicolae_vaults_network_quincunx_subvault,
          nicolae_vaults_network_quincunx_subvault,
          nicolae_vaults_network_quincunx_subvault], vaults_room_grid,
          vaults_room_grunt_arrival_checkpoint, nicolae_vaults_specimen_jars,
          layout_vaults_big_room
Vaults:4: nicolae_vaults_asterisk, vaults_room_stairs_pillars, v_rooms_5,
          vaults_mumra_minichess, ontoclasm_vaults_loading_screen,
          nicolae_vaults_puzzle_piece, hangedman_vaults_slice,
          grunt_vaults_twisty, vaults_room_large_hall, dpeg_vaults_waves,
          nicolae_vaults_gold_heap, layout_vaults_omnicross, uniq_jory,
          uniq_mennas, uniq_boris, uniq_bai_suzhen
Vaults:5
Crypt:1:  layout_gridlike, minmay_strange_pillars
Crypt:2:  layout_misc_corridors, serial_sigils_hangedman_carve, st_stairs_14
Crypt:3:  evilmike_haunted_forest
Tomb:1
Tomb:2
Tomb:3
Depths:1: layout_roguey, serial_co_window_serial, co_window_paths_a,
          co_window_paths_a, co_window_paths_a, co_window_paths_b,
          co_window_paths_b, co_window_paths_c, co_window_corner_ca,
          co_window_corner_cb, co_window_cross_3, co_window_unsneaky_path_a,
          co_window_corner_ca, co_window_corner_b, co_window_sun,
          co_window_4corner_a, hell_entry,
          nicolae_abyss_entry_one_way_or_another,
          chequers_serial_rivers_small_3, kilobyte_mutagenic_chamber
Depths:2: evilmike_marble_ring, layout_cave_pools, enter_ziggurat_e,
          special_room [special_room_jelly], lightli_too_deep,
          marbit_kobold_abyss_entry, minmay_staircase_windowed_large
Depths:3: hangedman_spin_cycle, pan_entry, abyss_entry, hell_entry,
          uniq_frederick, uniq_xtahua
Depths:4: minmay_triangles_in_corner, layout_gridville, hex_medium,
          abyss_entry_small_statue_room, serial_shops, shop, hell_entry,
          infiniplex_staircase_9_rooms, uniq_sojobo
Depths:5: evilmike_zot_entry_round, layout_gridville, hangedman_geh_valley,
          minmay_misc_feat_plants, serial_co_window_serial, co_window_paths_b,
          co_window_of_opportunity_a, co_window_paths_a,
          co_window_of_opportunity_a, co_window_corner_a, co_window_paths_a,
          co_window_unsneaky_path_b, co_window_cross_4, co_window_2corner,
          co_window_paths_d, glass_columns_a, glass_columns_a, glass_columns_c

Skill      XL: |  1  2  3  4  5  6  7  8  9 10 11 12 13 14 15 16 17 18 19 20 21 22 23 24 25 26 27 |
---------------+----------------------------------------------------------------------------------+-----
Axes           | 4 5 6 7 9 11 13 14 16 17 19 20 21 22 23 24 25 26 27 | 27.0
Fighting       | 4 5 6 7 8 9 11 12 13 14 15 16 17 18 19 20 21 22 23 24 25 26 27 | 27.0
Armour         | 3 4 5 6 8 9 10 12 13 14 15 16 17 18 19 21 25 | 25.2
Dodging        | 3 4 6 7 8 9 11 12 13 14 15 16 18 19 23 | 23.5
Evocations     | 7 10 12 14 16 18 20 | 20.0
Spellcasting   | 4 7 |  7.1

Action                   |  1- 3 |  4- 6 |  7- 9 | 10-12 | 13-15 | 16-18 | 19-21 | 22-24 | 25-27 || total
-------------------------+-------+-------+-------+-------+-------+-------+-------+-------+-------++-------
Melee: Hand axe          |    74 |   137 |   163 |       |       |       |       |       |       ||   374
       Headbutt          |     8 |    21 |    62 |   140 |   285 |   228 |   296 |   471 |   579 ||  2090
       Broad axe         |       |       |   146 |   113 |       |       |       |       |       ||   259
       Battleaxe         |       |       |       |   483 |   948 |   869 |  1244 |  1553 |  1986 ||  7083
       Unarmed           |       |       |       |     3 |    10 |       |       |       |       ||    13
       Short sword       |       |       |       |     8 |       |       |       |       |       ||     8
       Scimitar          |       |       |       |       |    60 |    19 |       |       |       ||    79
       Executioner's axe |       |       |       |       |    63 |    58 |       |       |       ||   121
Throw: Dart              |       |       |       |    17 |       |       |     1 |       |       ||    18
Invok: Berserk           |     1 |     3 |     3 |    11 |     4 |     1 |     1 |     2 |     5 ||    31
       Trog's Hand       |       |       |     1 |     8 |    11 |     6 |     9 |    29 |    27 ||    91
       Brothers in Arms  |       |       |       |     1 |       |     1 |       |       |       ||     2
 Abil: Evoke Invisibilit |       |       |       |       |       |     1 |       |    19 |     6 ||    26
       Stop Flying       |       |       |       |       |       |       |       |     1 |       ||     1
       Evoke Flight      |       |       |       |       |       |       |       |     1 |       ||     1
Evoke: Lamp of fire      |       |       |       |       |       |       |       |     1 |       ||     1
       Wand              |       |       |       |       |       |       |       |     2 |       ||     2
       Phantom mirror    |       |       |       |       |       |       |       |       |     1 ||     1
  Use: Scroll            |     1 |     5 |     6 |    17 |     6 |    11 |    13 |    11 |     6 ||    76
       Potion            |       |       |       |     5 |     6 |     5 |     2 |     1 |    19 ||    38
 Stab: Confused          |       |       |       |       |     2 |       |       |       |       ||     2
       Invisible         |       |       |       |       |       |     3 |       |    70 |    58 ||   131
       Distracted        |       |       |       |       |       |       |       |     1 |     2 ||     3
       Paralysed         |       |       |       |       |       |       |       |       |     1 ||     1
  Eat: Chunk             |     2 |    10 |    16 |    30 |    46 |    29 |    41 |    35 |    25 ||   234
       Ration            |       |       |       |     4 |     1 |     3 |       |     8 |    10 ||    26
Armor: Animal skin       |    16 |     3 |       |       |       |       |       |       |       ||    19
       Leather armour    |       |    27 |       |       |       |       |       |       |       ||    27
       Ring mail         |       |     1 |    20 |       |       |       |       |       |       ||    21
       Plate armour      |       |       |   127 |   326 |   695 |   556 |   624 |   898 |   973 ||  4199
Dodge: Dodged            |    47 |    80 |   141 |   291 |   641 |   579 |   774 |  1126 |  1832 ||  5511
Block: Buckler           |       |       |     1 |     6 |       |       |       |       |       ||     7
       Rpst.: Scimitar   |       |       |       |       |    15 |     3 |       |       |       ||    18
